AoeStats
← Xi Jinping

Arena

506221490Analyzed
4v4 RM · 19d ago on Sep 12, 2026· 57m 17s· 8 players
Game mode
Random Map
Map size
Large (8 player)
Population
200
Speed
Normal
Resources
Standard
Victory
Conquest
Starting age
Dark Age
Ending age
Imperial Age
RankedLock teamsTeams togetherTeam positionsShared explorationLock speedFull tech treeHidden civsTurbo modeCheats
Victory
Defeat
🇦🇷 Ethiopians · Argentina
809
+21
🇨🇱 Bohemians · Chile
806
+13
🇨🇾 Teutons · Cyprus
757
+15
🇧🇷 Romans · Brazil
746
+16
🇦🇷 Cumans · Argentina
837
-17
🇦🇷 Aztecs · Argentina
762
-15
🇦🇷 Huns · Argentina
702
-13
🇦🇷 Slavs · Argentina
687
-12
leaton37
2:53 Loom
10:48 Feudal Age
12:01 Double-Bit Axe
21:11 Castle Age
22:42 Bow Saw
26:58 Elite Skirmisher
30:50 Scale Mail Armor
30:55 Scale Barding Armor
30:41 Fletching
30:52 Padded Archer Armor
37:40 Imperial Age
36:51 Horse Collar
37:30 Leather Archer Armor
37:16 Murder Holes
37:24 Caravan
38:57 Gold Mining
38:58 Stone Mining
41:41 Heavy Plow
41:04 Halberdier
42:52 Chain Mail Armor
42:58 Chain Barding Armor
42:48 Arson
47:38 Two-Man Saw
47:56 Cavalier
48:08 Crossbowman
49:00 Squires
50:04 Chemistry
49:26 Ballistics
49:44 Plate Mail Armor
49:44 Ring Archer Armor
49:10 Bodkin Arrow
49:26 Forging
53:30 Bracer
54:06 Iron Casting
53:48 Royal Heirs
¿Adriixx?
15:21 Feudal Age
17:00 Wheelbarrow
16:44 Double-Bit Axe
16:42 Horse Collar
23:09 Castle Age
23:44 Forging
23:34 Scale Mail Armor
23:26 Fletching
23:39 Padded Archer Armor
25:12 Hand Cart
25:11 Bow Saw
24:33 Pikeman
25:53 Iron Casting
26:11 Squires
26:30 Heavy Plow
28:30 Chemistry
29:09 Caravan
32:22 Fortified Wall
36:42 Imperial Age
36:40 Wagenburg Tactics
36:48 Padded Archer Armor
38:23 Bodkin Arrow
40:31 Bracer
42:40 Ballistics
42:39 Leather Archer Armor
43:29 Chain Mail Armor
44:37 Two-Man Saw
45:34 Masonry
45:12 Halberdier
46:31 Ring Archer Armor
47:49 Architecture
47:07 Elite Hussite Wagon
50:18 Murder Holes
50:29 Siege Engineers
52:26 Treadmill Crane
53:50 Blast Furnace
53:22 Plate Mail Armor
55:46 Houfnice
CAN GÖÇER
0:32 Loom
10:25 Feudal Age
10:54 Double-Bit Axe
10:53 Horse Collar
11:00 Town Watch
12:17 Wheelbarrow
16:16 Gold Mining
23:21 Forging
23:12 Scale Mail Armor
23:27 Arson
30:28 Castle Age
29:46 Fletching
29:57 Padded Archer Armor
30:04 Scale Barding Armor
31:22 Stone Mining
31:51 Bow Saw
32:23 Heavy Plow
33:06 Stone Shaft Mining
33:19 Pikeman
34:01 Squires
34:09 Town Patrol
36:24 Leather Archer Armor
37:38 Bloodlines
38:33 Hand Cart
37:54 Elite Skirmisher
51:39 Imperial Age
49:24 Fortified Wall
49:35 Ballistics
49:26 Masonry
49:40 Chain Barding Armor
49:35 Chain Mail Armor
49:56 Iron Casting
49:16 Bodkin Arrow
51:54 Ironclad
53:50 Chemistry
52:35 Arrowslits
53:24 Cavalier
54:27 Elite Teutonic Knight
56:17 Halberdier
Caduzera
10:00 Feudal Age
10:26 Double-Bit Axe
10:23 Horse Collar
12:20 Gold Mining
18:45 Castle Age
19:56 Bow Saw
26:21 Caravan
27:49 Ballistics
39:25 Imperial Age
39:51 Capped Ram
42:08 Chemistry
41:21 Heavy Scorpion
42:09 Ballistas
47:34 Siege Ram
48:53 Town Watch
49:55 Gold Shaft Mining
50:50 Fortified Wall
50:37 Pikeman
Xi Jinping
11:26 Feudal Age
12:04 Loom
12:21 Double-Bit Axe
14:47 Horse Collar
15:51 Wheelbarrow
19:29 Scale Barding Armor
19:23 Town Watch
20:52 Forging
23:59 Castle Age
27:41 Husbandry
29:22 Murder Holes
33:40 Hand Cart
34:10 Bow Saw
34:04 Heavy Plow
34:49 Ballistics
36:38 Chain Barding Armor
36:57 Iron Casting
36:30 Town Patrol
36:42 Gold Mining
36:52 Light Cavalry
38:06 Stone Mining
41:35 Bloodlines
46:34 Imperial Age
48:12 Plate Barding Armor
48:38 Blast Furnace
47:05 Cavalier
48:57 Paladin
Shnissugah
11:02 Feudal Age
12:05 Double-Bit Axe
12:52 Loom
18:18 Stone Mining
18:22 Gold Mining
20:35 Castle Age
21:38 Bow Saw
24:35 Forging
24:28 Scale Mail Armor
23:53 Pikeman
25:42 Eagle Warrior
27:18 Iron Casting
27:45 Chain Mail Armor
28:28 Squires
28:29 Arson
31:48 Wheelbarrow
39:38 Imperial Age
39:43 Elite Eagle Warrior
40:46 Garland Wars
42:41 Gold Shaft Mining
43:05 Conscription
43:24 Plate Mail Armor
43:55 Blast Furnace
Marco Aurelio
12:01 Feudal Age
13:30 Double-Bit Axe
13:27 Horse Collar
21:22 Gold Mining
23:53 Wheelbarrow
25:52 Fletching
26:04 Padded Archer Armor
29:01 Castle Age
28:52 Scale Barding Armor
30:04 Thumb Ring
33:20 Hand Cart
35:48 Forging
35:39 Stone Mining
36:25 Gold Shaft Mining
36:33 Gold Shaft Mining
36:14 Bow Saw
36:06 Heavy Plow
37:51 Leather Archer Armor
37:32 Bodkin Arrow
38:13 Iron Casting
42:06 Chain Barding Armor
45:45 Imperial Age
44:21 Bloodlines
45:45 Steppe Husbandry
49:22 Crop Rotation
49:54 Two-Man Saw
48:23 Heavy Cavalry Archer
49:29 Parthian Tactics
50:28 Light Cavalry
51:11 Crossbowman
51:11 Elite Skirmisher
51:16 Crossbowman
52:00 Hussar
53:26 Scale Mail Armor
56:45 Chain Mail Armor
Joe mama
0:30 Loom
12:19 Feudal Age
16:40 Wheelbarrow
17:49 Horse Collar
21:24 Man-at-Arms
22:00 Double-Bit Axe
25:31 Castle Age
26:47 Hand Cart
29:52 Light Cavalry
37:21 Fortified Wall
37:08 Murder Holes
43:40 Town Watch
55:22 Gold Mining
Connection lost

Rejoining the realm…

Still unreachable

The connection could not be restored.

Session expired

The server has moved on; the page needs a fresh start.